 Dungeon Crawl Stone Soup version 0.26-a0-478-g6c97825307 (webtiles) character file.

Game seed: 2412984695023257277

2989 asdfasdfff the Cleaver (level 9, 79/81 HPs)
             Began as a Deep Dwarf Fighter on Aug 1, 2020.
             Was an Initiate of Gozag.
             Quit the game on level 7 of the Dungeon on Aug 8, 2020.
             The game lasted 00:11:44 (5288 turns).

asdfasdfff the Cleaver (Deep Dwarf Fighter)         Turns: 5288, Time: 00:11:44

Health: 79/81      AC: 14    Str: 22    XL:     9   Next: 53%
Magic:  3/3        EV: 10    Int: 10    God:    Gozag
Gold:   170        SH: 11    Dex: 12    Spells: 8/8 levels left

rFire    . . .     SeeInvis .   a - +0 war axe
rCold    . . .     Faith    .   c - +0 kite shield
rNeg     . . .     Spirit   .   b - +0 scale mail
rPois    .         Reflect  .   (no helmet)
rElec    .         Harm     .   v - +0 cloak
rCorr    .                      (no gloves)
MR       +....                  I - +0 pair of boots
Stlth    ..........             B - amulet of magic regeneration
HPRegen  0.00/turn              y - +4 ring of protection
MPRegen  0.33/turn              (no ring)

@: mighty, brilliant, non-regenerating, hasted, very quick
A: damage resistance, heal wounds, sense surroundings 2, no regeneration
a: Heal Wounds, Potion Petition, Call Merchant, Bribe Branch, Renounce Religion


You were on level 7 of the Dungeon.
You worshipped Gozag.
Gozag was aware of your devotion.
You visited 2 branches of the dungeon, and saw 9 of its levels.

You collected 622 gold pieces.
You paid 452 gold pieces to Gozag.

Inventory:

Hand Weapons
 a - a +0 war axe (weapon)
Armour
 b - a +0 scale mail (worn)
 c - a +0 kite shield (worn)
 g - a cursed -2 scale mail
 v - a +0 cloak (worn)
 C - a scarf of harm
 I - a +0 pair of boots (worn)
Jewellery
 y - a +4 ring of protection (left hand)
 B - an amulet of magic regeneration (around neck)
 H - a +6 ring of dexterity {unknown}
Wands
 m - a wand of polymorph (11)
 D - a wand of acid (1)
Scrolls
 e - a scroll of silence {unknown}
 f - 2 scrolls of fear
 l - 4 scrolls of remove curse
 n - 3 scrolls of identify
 o - 7 scrolls of teleportation
 u - a scroll of magic mapping
 w - a scroll of enchant armour {unknown}
 x - a scroll of amnesia {unknown}
 E - 2 scrolls of torment {unknown}
 G - 2 scrolls of summoning {unknown}
Potions
 d - a potion of might
 h - 2 potions of magic
 i - a potion of flight {unknown}
 j - a potion of brilliance {unknown}
 p - 2 potions of mutation
 q - 2 potions of haste
 r - 2 potions of curing {unknown}
 s - 2 potions of degeneration {unknown}
 z - a potion of ambrosia {unknown}
 A - a potion of invisibility {unknown}
 F - a potion of heal wounds {unknown}


   Skills:
 + Level 5.4 Fighting
 + Level 9.6 Axes
 + Level 7.1 Armour
 + Level 3.2 Dodging
 + Level 0.8 Stealth
 + Level 6.6 Shields
 + Level 2.5 Evocations


You had 8 spell levels left.
You didn't know any spells.
Your spell library contained the following spells:

 Spells                   Type           Power        Failure   Level
 Corona                   Hex            #......      95%         1
 Ensorcelled Hibernation  Hex/Ice        #.....       99%         2
 Confusing Touch          Hex            #.......     100%        3
 Dazzling Flash           Conj/Hex       #.....       100%        3
 Tukima's Dance           Hex            #.......     100%        3


Dungeon Overview and Level Annotations

Branches:
Dungeon (8/15)             Temple (1/1) D:4
   Lair: D:8-11

Altars:
Ashenzari
Cheibriados
Dithmenos
Elyvilon
Fedhas
Gozag
Hepliaklqana
Kikubaaqudgha
Makhleb
Nemelex Xobeh
Okawaru
Qazlal
Ru
Trog
Uskayaw
Vehumet
Wu Jian
Xom
Yredelemnul
Zin

Shops:
D:7 !*


Innate Abilities, Weirdness & Mutations

You are resistant to damage.
You can heal yourself by infusing magical energy.
You passively map the area around you.
You do not regenerate.


Message History

[a] - 0 gold - might, brilliance, haste and heal wounds [b] - 0 gold - curing, magic, haste and brilliance [c] - 0 gold - heal wounds and curing Purchase which effect?
You feel very mighty all of a sudden.
You feel clever all of a sudden.
You feel yourself speed up.
You feel much better.
Really renounce your faith, foregoing its fabulous benefits?
Are you sure?
You have lost your religion!
Gozag does not appreciate desertion!
There is an opulent altar of Gozag here.
You kneel at the altar of Gozag.
You kneel at the altar of Gozag.
Gozag welcomes you back!
You pay a service fee of 136 gold.
Okay, then.
Welcome back, asdfasdfff the Deep Dwarf Fighter.
Gozag says: Greed is good.
Press ? for a list of commands and other information.
Are you sure you want to abandon this character and quit the game? (Confirm with "yes".)

# ######## .......#
..####.# ############# ..#
#.# #....≈≈≈≈≈≈≈#
..####.#####.≈≈≈≈.....≈#
#...##.......≈....⌠.⌠.≈#
#.#......##...._...∩..≈#
#...##...###.≈..@.⌠.⌠.≈##
...###...# #.≈≈≈≈.....≈.#
######...###....≈≈≈≈≈≈≈.###
..........................#
######...#.###.#.##.###.#.#
.....().[..# #.#.##.....#.#
###.....#..###.#.##.#####.#
.......).)..........#...#.#
.##.###.#).#..<.........#.#


There were no monsters in sight!

Vanquished Creatures
  A two-headed ogre (D:8)
  Grinder (D:3)
  A slime creature (D:5)
  Eustachio (D:5)
  A water moccasin (D:7)
  A sky beast (D:7)
  An ogre (D:6)
  A necrophage (D:7)
  2 big kobolds
  3 bullfrogs (D:6)
  4 wights (D:6)
  A bullfrog zombie (D:2)
  10 jellies
  An orc wizard (D:6)
  Crazy Yiuf (D:7)
  A bullfrog skeleton (D:7)
  3 hounds
  2 centaur skeletons (D:5)
  An iguana (D:7)
  6 worker ants
  A killer bee zombie (D:6)
  A hound skeleton (D:4)
  A worker ant zombie (D:5)
  4 gnolls (D:4)
  7 adders
  An ufetubus (D:6)
  2 oozes
  3 worms (D:3)
  2 dart slugs (D:2)
  2 leopard geckos
  10 orcs
  4 bats
  9 giant cockroaches
  4 goblins
  9 hobgoblins
  3 quokkas
  A ball python (D:3)
  7 frilled lizards
  15 kobolds
  5 rats
134 creatures vanquished.

Vanquished Creatures (others)
  3 fungi (D:6)
  7 toadstools (D:6)
10 creatures vanquished.

Grand Total: 144 creatures vanquished

Notes
Turn   | Place    | Note
-------+----------+-------------------------------------------
     0 | D:1      | asdfasdfff the Deep Dwarf Fighter began the quest for the
                  | Orb.
     0 | D:1      | Reached XP level 1. HP: 20/20 MP: 1/1
   140 | D:2      | Reached XP level 2. HP: 25/27 MP: 2/2
   188 | D:2      | You fall into a shaft and drop 1 floor!
   196 | D:3      | Reached XP level 3. HP: 26/33 MP: 3/3
   196 | D:3      | Reached skill level 3 in Axes
   330 | D:3      | Noticed Grinder
   335 | D:3      | Paralysed by Grinder for 6 turns
   385 | D:3      | Paralysed by Grinder for 5 turns
   395 | D:3      | Killed Grinder
   395 | D:3      | Reached skill level 4 in Axes
   395 | D:3      | Reached skill level 1 in Dodging
   395 | D:3      | Reached XP level 4. HP: 33/42 MP: 2/2
   395 | D:3      | Reached XP level 5. HP: 39/49 MP: 3/3
  1128 | D:4      | Reached XP level 6. HP: 43/56 MP: 4/4
  1174 | D:4      | Found a staircase to the Ecumenical Temple.
  1228 | Temple   | Entered the Ecumenical Temple
  1688 | D:2      | Reached skill level 5 in Axes
  1804 | D:2      | Noticed an angel
  1805 | D:2      | Found a shimmering altar of Xom.
  1807 | D:2      | Found a glowing silver altar of Zin.
  1846 | D:2      | Found a radiant altar of Vehumet.
  2297 | D:4      | Found a hide-covered altar of Uskayaw.
  2380 | D:5      | Entered Level 5 of the Dungeon
  2515 | D:5      | Reached XP level 7. HP: 47/64 MP: 4/4
  2700 | D:5      | Found an opulent altar of Gozag.
  2819 | D:5      | Became a worshipper of Gozag Ym Sagoz the Greedy
  2926 | D:5      | Reached skill level 5 in Armour
  3116 | D:5      | Noticed Eustachio
  3133 | D:5      | Killed Eustachio
  3133 | D:5      | Reached skill level 6 in Axes
  3240 | D:5      | Found a sacrificial altar of Ru.
  3471 | D:6      | Reached skill level 1 in Evocations
  3498 | D:6      | Reached skill level 5 in Shields
  3498 | D:6      | Reached XP level 8. HP: 54/72 MP: 5/5
  3537 | D:6      | Found a stormy altar of Qazlal.
  3655 | D:6      | Reached skill level 7 in Axes
  3660 | D:6      | Found a bloodstained altar of Trog.
  3821 | D:6      | Noticed a slime creature
  3964 | D:6      | Reached skill level 8 in Axes
  4153 | D:5      | Found a burning altar of Makhleb.
  4153 | D:5      | Found a basalt altar of Yredelemnul.
  4153 | D:5      | Found a shattered altar of Ashenzari.
  4164 | D:5      | Killed a slime creature
  4168 | D:5      | Found a snail-covered altar of Cheibriados.
  4451 | D:7      | Fell from the grace of Gozag
  4506 | D:7      | Gained mutation: You passively map the area around you.
                  | [Deep Dwarf growth]
  4506 | D:7      | Reached XP level 9. HP: 55/80 MP: 4/4
  4593 | D:5      | Became a worshipper of Gozag Ym Sagoz the Greedy
  4654 | D:7      | Reached skill level 5 in Fighting
  4724 | D:7      | Found an opulent altar of Gozag.
  4742 | D:7      | Found Gozag's Platinum Reserve.
  4918 | D:7      | Fell from the grace of Gozag
  4921 | D:7      | Reached skill level 9 in Axes
  4974 | D:7      | Found a runed translucent door.
  4976 | D:7      | Noticed Crazy Yiuf
  4985 | D:7      | Killed Crazy Yiuf
  5051 | D:7      | Found Pemim's Distillery.
  5229 | D:8      | Noticed a two-headed ogre
  5238 | D:8      | Killed a two-headed ogre
  5281 | D:7      | Became a worshipper of Gozag Ym Sagoz the Greedy
  5284 | D:7      | Fell from the grace of Gozag
  5286 | D:7      | Became a worshipper of Gozag Ym Sagoz the Greedy
  5288 | D:7      | Quit the game

Illustrated notes

Levels and vault maps discovered:
D:1:      nicolae_arrival_memento_mori, layout_rooms
D:2:      layout_basic, grunt_temple_overflow_order_and_chaos_1,
          lemuel_doored_altar, chequers_serial_rivers_micro_d,
          minmay_strange_pillars, minmay_misc_feat_doors
D:3:      layout_rooms, chequers_decorated_corner, uniq_grinder
D:4:      layout_loops_ring, marbit_many_paths, minmay_temple_entry_mist
D:5:      minmay_skewed_foursquare, layout_basic, kennysheep_little_box,
          nicolae_overflow_hidden_temple, st_stairs_12, uniq_eustachio
D:6:      cheibrodos_fertilizer, layout_basic, lemuel_round_altar,
          trog_three_pillars_becter
D:7:      layout_loops_ring, serial_shops, shop,
          nicolae_gozag_zags_fifth_avenue, uniq_crazy_yiuf_cottage
D:8:      layout_basic, lemuel_blue_sif_altar, dk_noncrumbling_2
Temple:   jpeg_temple_island

Skill      XL: |  1  2  3  4  5  6  7  8  9 |
---------------+----------------------------+-----
Axes           | 4 5 6 8 9 |  9.6
Fighting       | 3 4 5 |  5.4
Armour         | 4 5 6 7 |  7.1
Dodging        | 1 2 3 |  3.2
Shields        | 4 5 6 |  6.6
Evocations     | 1 2 |  2.5
Stealth        | |  0.8

Action                   |  1- 3 |  4- 6 |  7- 9 || total
-------------------------+-------+-------+-------++-------
Melee: War axe           |   105 |   136 |   293 ||   534
Invok: Renounce Religion |       |       |     3 ||     3
       Potion Petition   |       |       |     1 ||     1
 Abil: Heal Wounds       |     4 |     1 |    21 ||    26
Evoke: Wand              |       |       |    13 ||    13
  Use: Scroll            |       |       |     9 ||     9
       Potion            |       |       |     1 ||     1
Armor: Scale mail        |    43 |    59 |   135 ||   237
Dodge: Dodged            |    30 |    31 |    91 ||   152
Block: Kite shield       |    54 |    65 |   165 ||   284

Table legend: (Time is in decaauts)
 A = Elapsed time spent in this place.
 B = Non-inter-level travel time spent in this place.
 C = Inter-level travel time spent in this place.
 D = Time resting spent in this place.
 E = Time spent auto-exploring this place.
 F = Levels seen in this place.
 G = Mean time per level.
                   A        B        C        D        E       F      G
               +--------+--------+--------+--------+--------+-----+--------+
         Total |   5470 |   4876 |    594 |    207 |   3266 |   9 |  607.8 |
       Dungeon |   5191 |   4622 |    569 |    207 |   3013 |   8 |  648.9 |
        Temple |    279 |    254 |     25 |      0 |    252 |   1 |  279.0 |
               +--------+--------+--------+--------+--------+-----+--------+

Top non-repeatable levels by time:
     D:5: 1221 daAuts
     D:6: 936 daAuts
     D:4: 760 daAuts
     D:7: 698 daAuts
     D:2: 686 daAuts
     D:3: 675 daAuts
  Temple: 279 daAuts
     D:1: 112 daAuts
     D:8: 100 daAuts
